details: 'Replay_2009_05_26_1302'

« prev index next »

General information

Mini Map

Players

team 1
NightElfZephyd (teal | 140 APM | 2195 actions | 15:41)
Hero icon 4 Demon Hunter
Ability icon 2 Mana Burn
Ability icon 2 Evasion
Hero icon 2 Warden
Ability icon 1 Shadow Strike
Ability icon 1 Fan of Knives
Hero icon 1 Naga Sea Witch
Ability icon 1 Frost Arrows

» actions
Assign group hotkey36
Basic commands13
Build / train46
Enter build submenu15
Enter hero's abilities submenu7
Right click1382
Select / deselect307
Select group hotkey322
Use ability67
2195 total
» units
Wisp11
Archer4
Druid of the Claw10
Dryad1
26 total
» upgrades
Druid of the Claw Training2
Mark of the Claw1
Abolish Magic1
Reinforced Hides1
5 total
» buildings
Altar of Elders1
Moon Well6
Ancient of War1
Tree of Ages1
Hunter's Hall1
Ancient of Lore2
Tree of Eternity1
Ancient of Wonders1
14 total
» build order
00:04 Altar of Elders
00:05 Moon Well
01:30 Moon Well
01:54 Ancient of War
02:12 Tree of Ages
02:53 Hunter's Hall
04:38 Ancient of Lore
04:40 Ancient of Lore
05:08 Tree of Eternity
06:00 Moon Well
08:25 Moon Well
08:44 Ancient of Wonders
11:48 Moon Well
12:46 Moon Well
» items
Staff of Preservation1
Potion of Healing2
3 total
team 2
Humangreazy6 (red | 46 APM | 725 actions | 15:39)
Hero icon 4 Paladin
Ability icon 1 Divine Shield
Ability icon 2 Devotion Aura
Ability icon 1 Holy Light

» actions
Basic commands2
Build / train54
Enter build submenu19
Enter hero's abilities submenu4
Right click317
Select / deselect288
Use ability41
725 total
» units
Peasant9
Footman15
Rifleman9
Mortar Team5
Priest3
41 total
» upgrades
Gunpowder2
Armor1
Lumber Harvesting1
4 total
» buildings
Farm10
Altar of Kings1
Barracks1
Blacksmith1
Scout Tower2
Arcane Tower2
Keep1
Workshop1
Lumber Mill1
Arcane Sanctum1
Castle1
22 total
» build order
00:20 Farm
00:36 Altar of Kings
00:43 Farm
01:07 Barracks
01:35 Farm
02:15 Blacksmith
02:24 Farm
02:31 Scout Tower
02:57 Scout Tower
03:19 Farm
03:24 Arcane Tower
04:07 Arcane Tower
04:11 Farm
04:50 Farm
05:26 Keep
05:40 Farm
06:51 Farm
07:32 Farm
08:28 Workshop
08:40 Lumber Mill
09:03 Arcane Sanctum
11:46 Castle